 Dungeon Crawl Stone Soup version 0.31-a0-182-gc5ef74bbde (webtiles) character file.

Game seed: 11458697209743405914

17439 qw the Fighter (level 12, -3/84 HPs)
             Began as a Gargoyle Fighter on June 21, 2023.
             Was an Elder of Okawaru.
             Slain by a large slime creature (20 damage)
             ... on level 11 of the Dungeon.
             The game lasted 00:05:20 (10089 turns).

qw the Fighter (Gargoyle Fighter)                  Turns: 10089, Time: 00:05:20

Health: -3/84      AC: 36    Str: 25    XL:     12   Next: 48%
Magic:  14/15      EV:  9    Int:  9    God:    Okawaru [****..]
Gold:   604        SH:  6    Dex:  9    Spells: 11/11 levels left

rFire   + . .        Y - +3 war axe (chaos)
rCold   . . .        c - +0 buckler
rNeg    + + .        z - +2 plate armour
rPois   inf          e - +2 helmet
rElec   +            f - +2 cloak
rCorr   .            (no gloves)
SInv    .            (no boots)
Will    +....        h - amulet of regeneration Stlth
                     a - ring of protection from fire
HPRegen 1.14/turn    o - ring "Goitwa" {rN+ Will+}
MPRegen 0.14/turn

%: no passive effects
@: about to teleport, heroic
A: sickness immunity, AC +8, negative energy resistance 1, electricity
resistance, torment resistance 1, petrification resistance, iridescent scales 1,
MP-powered wands
a: Renounce Religion, Heroism, Finesse


You were on level 11 of the Dungeon.
You worshipped Okawaru.
Okawaru was greatly pleased with you.
You visited 2 branches of the dungeon, and saw 12 of its levels.

You collected 626 gold pieces.
You spent 22 gold pieces at shops.


Innate Abilities, Weirdness & Mutations

You are immune to sickness and miasma.
Your stone body is resilient. (AC +8)
You are immune to poison.
You resist negative energy. (rN+)
You are resistant to electric shocks. (rElec)
You are resistant to unholy torment.
You are immune to petrification.
You are partially covered in iridescent scales. (AC +2)
You expend magic power (3 MP) to strengthen your wands.


   Skills:
 - Level 13.1(18.1) Fighting
 + Level 12.2(17.2) Axes
 - Level 1.3(6.3) Throwing
 - Level 9.0(14.0) Armour
 - Level 2.0(7.0) Dodging
 - Level 6.1(11.1) Shields
 + Level 5.0 Invocations


You had 11 spell levels left.
You didn't know any spells.
Your spell library was empty.

Inventory:

Hand Weapons
 q - a +3 flail
 x - a +0 war axe
 D - a +0 flail of holy wrath
 Y - a +3 war axe of chaos (weapon)
Missiles
 i - a boomerang (quivered)
Armour
 c - a +0 buckler (worn)
 e - a +2 helmet (worn)
 f - a +2 cloak (worn)
 r - a scarf of resistance
 s - +0 acid dragon scales
 z - a +2 plate armour (worn)
Jewellery
 a - a ring of protection from fire (left hand)
 b - a ring of protection from cold
 h - an amulet of regeneration (around neck)
 o - the ring "Goitwa" (right hand) {rN+ Will+}
   (You acquired it on level 5 of the Dungeon)

   [ring of positive energy]

   rN:        It protects you from negative energy.
   Will:      It increases your willpower.
 t - a ring of protection from fire
 u - a ring of resist corrosion
 y - a +6 ring of dexterity
 B - a ring of protection from cold
Wands
 j - a wand of digging (3)
Scrolls
 l - a scroll of teleportation
 p - a scroll of identify
 v - a scroll of poison {unknown}
Potions
 d - a potion of might
 g - a potion of mutation
 k - 4 potions of curing
 m - a potion of heal wounds
 n - a potion of attraction
 w - 3 potions of haste

Dungeon Overview and Level Annotations

Branches:
Dungeon (11/15)            Temple (1/1) D:5            Lair (0/5) D:11
    Orc: D:9-12

Altars:
Ashenzari
Cheibriados
Dithmenos
Elyvilon
Fedhas
Gozag
Hepliaklqana
Kikubaaqudgha
Makhleb
Nemelex Xobeh
Okawaru
Qazlal
Ru
Sif Muna
Trog
Uskayaw
Vehumet
Wu Jian
Xom
Yredelemnul
Zin
The Shining One

Shops:
D:1 *   D:6 *   D:8 *   D:10 (   D:11 *

Portals:
Trove: D:10 (give 5 potions of resistance)


Message History

You barely miss the large slime creature.
You block the centaur's attack. The centaur closely misses you.
The large slime creature hits you!
You block the large slime creature's attack.
You slash the large slime creature! You burn the large slime creature.
The large slime creature is heavily wounded.
You slash the large slime creature! You hit the centaur.
You feel better. You block the centaur's attack. The centaur barely misses you.
The large slime creature hits you! You block the centaur's attack.
The centaur kicks you but does no damage.
You catch the helpless large slime creature completely off-guard!
You hit the large slime creature.
The large slime creature is heavily wounded.
You slash the large slime creature! You slash the centaur!
The centaur seems to grow stronger.
The centaur barely misses you.
The centaur kicks you but does no damage.
The large slime creature hits the centaur!
You block the large slime creature's attack.
You slice the large slime creature!!
Lightning courses through the large slime creature!
The large slime creature is severely wounded.
You barely miss the centaur. You hit the large slime creature.
You freeze the large slime creature.
The centaur barely misses you. x2; The large slime creature misses you.
You block the centaur's attack. The centaur barely misses you.
You slice the centaur!!
You kill the centaur!
Okawaru accepts your kill.
You slash the large slime creature! The large slime creature hits you!!
The large slime creature hits the centaur!!!
The centaur is killed!
Okawaru accepts your kill.
Your Invocations skill increases to level 5!
10089 ||| READING 2 scrolls of teleportation.
As you read the scroll of teleportation, it crumbles to dust.
You feel strangely unstable. The large slime creature hits you!!
You die...

#####.#
#.###.#.#.###....
#.....# ......#......#.
#.##### ###.#######....
#.# #+## #.##. #### #.#
#...# #.### ...# #.###
#..... #.### ##.# #.#.##
#...... #.#.#
#########....####)J.....
###....
#<##............@)......
+......
...######/...####J......
####... .7.# #.#.##
#...... ##.. ..%# #.###
#..... #.# #.## #.#
#...# #.# #.## ###.#
#+## #.# ...##...### #.#
#######.# .7....7 #.#
#.......# ...##...#
##.###.#######


You could see 2 large slime creatures.

Vanquished Creatures
  4 two-headed ogres
  Pikel (D:5)
  An oklob plant (D:11)
  A cyclops (D:7)
  2 manticores (D:11)
  2 kobold demonologists
  A komodo dragon (D:11)
  A komodo dragon (shapeshifter) (D:6)
  3 trolls
  A hornet (D:8)
  3 shadows
  4 yaks
  A wraith (D:10)
  Grum (D:10)
  A vampire mosquito (D:7)
  An acid dragon (D:11)
  3 water moccasins
  3 ice beasts
  5 orc warriors
  A black bear (D:7)
  3 ogres
  4 wolves (D:10)
  8 centaurs
  3 phantoms
  3 lemures
  4 kobold brigands
  2 bullfrogs
  3 scorpions
  22 wights
  4 howler monkeys
  A quasit (D:6)
  4 orc priests
  2 jellies (D:5)
  3 gnoll boudas
  6 hounds
  2 sleepcaps
  4 iguanas
  Ijyb (D:3)
  5 orc wizards
  17 adders
  10 gnolls
  2 shadow imps (D:6)
  3 white imps (D:6)
  3 ufetubi
  2 worms
  5 dart slugs
  24 orcs
  2 endoplasms
  5 giant cockroaches
  5 goblins
  6 hobgoblins
  12 kobolds
  5 quokkas
  8 ball pythons
  2 bats
  5 frilled lizards
  2 rats (D:1)
242 creatures vanquished.

Notes
Turn   | Place    | Note
-------+----------+-------------------------------------------
     0 | D:1      | qw the Gargoyle Fighter began the quest for the Orb.
     0 | D:1      | Reached XP level 1. HP: 14/14 MP: 1/1
     0 | D:1      | 0 ||| qw: Version: 0.3-a-9-g12657ce
     0 | D:1      | 0 ||| qw: Game counter: 1545
     0 | D:1      | 0 ||| qw: Always use a shield: true
     0 | D:1      | 0 ||| qw: God list: Okawaru
     0 | D:1      | 0 ||| qw: Allow faded altars: false
     0 | D:1      | 0 ||| qw: Do Orc after D:15 true
     0 | D:1      | 0 ||| qw: Do second Lair branch before Depths: true
     0 | D:1      | 0 ||| qw: Lair rune preference: random
     0 | D:1      | 0 ||| qw: Plans: Normal, Zot:1-4, Slime:5, God:TSO, Crypt,
                  | Tomb, Abyss, Pan, Hells, Win
     0 | D:1      | 0 ||| PLANNING D:1-11
   121 | D:1      | 121 ||| Stepping ~*~*~tactically~*~*~ (hiding).
   132 | D:1      | Reached XP level 2. HP: 19/19 MP: 2/2
   140 | D:1      | 140 ||| Stepping ~*~*~tactically~*~*~ (hiding).
   250 | D:1      | 250 ||| Stepping ~*~*~tactically~*~*~ (hiding).
   251 | D:1      | 251 ||| Stepping ~*~*~tactically~*~*~ (hiding).
   304 | D:1      | Found a faded altar of an unknown god.
   314 | D:1      | 314 ||| Stepping ~*~*~tactically~*~*~ (stealth).
   323 | D:1      | 323 ||| Stepping ~*~*~tactically~*~*~ (stealth).
   335 | D:1      | Found Net Geono's Assorted Antiques.
   347 | D:1      | 347 ||| BUYING bubbling purple potion (22 gold).
   347 | D:1      | Bought a bubbling purple potion for 22 gold pieces
   347 | D:1      | 347 ||| SHOPLISTING metallic sapphire potion (22 gold, have
                  | 3).
   347 | D:1      | 347 ||| SHOPLISTING scroll labelled RIPHUB KOFI (25 gold,
                  | have 3).
   347 | D:1      | 347 ||| SHOPLISTING sedimented black potion (22 gold, have
                  | 3).
   521 | D:1      | 521 ||| DROPPING orb of wrath.
   522 | D:1      | 522 ||| READING scroll labelled BORIUTHUTZ.
   523 | D:1      | 523 ||| READING scroll labelled LIMMET HAKLY.
   524 | D:1      | 524 ||| READING scroll labelled ADDEATZO GEAHO.
   525 | D:1      | 525 ||| READING scroll labelled AXKUFU YWKONKIUKH.
   526 | D:1      | 526 ||| DRINKING 2 bubbling purple potions.
   526 | D:1      | Gained mutation: You expend magic power (3 MP) to
                  | strengthen your wands. [potion of mutation]
   526 | D:1      | Gained mutation: You are partially covered in iridescent
                  | scales. (AC +2) [potion of mutation]
   527 | D:1      | 527 ||| DRINKING 3 yellow potions.
   528 | D:1      | 528 ||| DROPPING 2 potions of brilliance.
   565 | D:2      | Reached skill level 3 in Axes
   639 | D:2      | 639 ||| Stepping ~*~*~tactically~*~*~ (hiding).
   648 | D:2      | Reached XP level 3. HP: 21/23 MP: 3/3
   981 | D:2      | 981 ||| Stepping ~*~*~tactically~*~*~ (hiding).
  1257 | D:2      | Reached XP level 4. HP: 28/28 MP: 4/4
  1355 | D:2      | 1355 ||| UPGRADING to +0 helmet.
  1360 | D:2      | 1360 ||| UPGRADING to +1 cloak.
  1365 | D:2      | 1365 ||| UPGRADING to ring of protection from fire.
  1366 | D:2      | 1366 ||| UPGRADING to +6 ring of dexterity.
  1367 | D:2      | 1367 ||| READING scroll labelled GAOZIA HUXASA.
  1468 | D:2      | 1468 ||| READING 2 scrolls labelled MEKHLE WIUNGO.
  1472 | D:2      | 1472 ||| READING scroll labelled DYOZXE JELID.
  1591 | D:3      | 1591 ||| SWAPPING to +1 war axe of flaming.
  1592 | D:3      | 1592 ||| DROPPING +0 whip.
  1593 | D:3      | 1593 ||| DROPPING +1 war axe.
  1598 | D:3      | Found a radiant altar of Vehumet.
  1679 | D:3      | Reached skill level 1 in Dodging
  1813 | D:3      | Noticed Ijyb
  1814 | D:3      | 1814 ||| Stepping ~*~*~tactically~*~*~ (hiding).
  1821 | D:3      | Killed Ijyb
  1822 | D:3      | Reached XP level 5. HP: 23/32 MP: 5/5
  2171 | D:3      | 2171 ||| Stepping ~*~*~tactically~*~*~ (hiding).
  2172 | D:3      | 2172 ||| Stepping ~*~*~tactically~*~*~ (hiding).
  2356 | D:3      | 2356 ||| READING scroll of enchant armour.
  2356 | D:3      | 2356 ||| ENCHANTING +0 helmet.
  2421 | D:3      | 2421 ||| UPGRADING to +0 chain mail.
  2431 | D:3      | 2431 ||| DROPPING +0 scale mail.
  2432 | D:3      | 2432 ||| READING 2 scrolls labelled CUTENL QAESIAS.
  2433 | D:3      | 2433 ||| READING 2 scrolls labelled RIPHUB KOFI.
  2434 | D:3      | 2434 ||| READING scroll labelled VYKHIESATO.
  2476 | D:3      | 2476 ||| DROPPING scroll of fog.
  2518 | D:4      | 2518 ||| STAIRDANCE
  2593 | D:4      | 2593 ||| Stepping ~*~*~tactically~*~*~ (hiding).
  2607 | D:4      | HP: 8/32 [ufetubus (4)]
  2608 | D:4      | 2608 ||| READING scroll of teleportation.
  2724 | D:4      | Noticed a phantom
  2741 | D:4      | Killed a phantom
  2742 | D:4      | Reached XP level 6. HP: 30/37 MP: 6/6
  2787 | D:4      | Reached skill level 4 in Fighting
  2912 | D:4      | 2912 ||| Stepping ~*~*~tactically~*~*~ (hiding).
  3163 | D:4      | 3163 ||| Stepping ~*~*~tactically~*~*~ (stealth).
  3205 | D:4      | Reached skill level 6 in Axes
  3205 | D:4      | Reached XP level 7. HP: 40/43 MP: 7/7
  3355 | D:4      | 3355 ||| Stepping ~*~*~tactically~*~*~ (stealth).
  3357 | D:4      | 3357 ||| Stepping ~*~*~tactically~*~*~ (stealth).
  3462 | D:4      | 3462 ||| DROPPING +0 club.
  3482 | D:4      | 3482 ||| READING scroll labelled XACHOR CELIS.
  3483 | D:4      | 3483 ||| DRINKING 2 sapphire potions.
  3484 | D:4      | 3484 ||| READING 2 scrolls of identify.
  3484 | D:4      | 3484 ||| IDENTIFYING inky potion
  3485 | D:4      | 3485 ||| DROPPING potion of degeneration.
  3513 | D:5      | Entered Level 5 of the Dungeon
  3544 | D:5      | Found a burning altar of Makhleb.
  3550 | D:5      | Found a sacrificial altar of Ru.
  3555 | D:5      | Found an ancient bone altar of Kikubaaqudgha.
  3684 | D:5      | 3684 ||| FLEEEEING.
  3685 | D:5      | 3685 ||| FLEEEEING.
  3686 | D:5      | 3686 ||| FLEEEEING.
  3687 | D:5      | 3687 ||| FLEEEEING.
  3688 | D:5      | 3688 ||| FLEEEEING.
  3689 | D:5      | 3689 ||| FLEEEEING.
  3690 | D:5      | 3690 ||| FLEEEEING.
  3691 | D:5      | 3691 ||| FLEEEEING.
  3692 | D:5      | 3692 ||| FLEEEEING.
  3693 | D:5      | 3693 ||| FLEEEEING.
  3694 | D:5      | 3694 ||| FLEEEEING.
  3695 | D:5      | 3695 ||| FLEEEEING.
  3696 | D:5      | 3696 ||| FLEEEEING.
  3697 | D:5      | 3697 ||| FLEEEEING.
  3698 | D:5      | 3698 ||| FLEEEEING.
  3699 | D:5      | 3699 ||| FLEEEEING.
  3700 | D:5      | 3700 ||| FLEEEEING.
  3701 | D:5      | 3701 ||| FLEEEEING.
  3702 | D:5      | 3702 ||| FLEEEEING.
  3706 | D:5      | 3706 ||| FLEEEEING.
  3707 | D:5      | 3707 ||| FLEEEEING.
  3708 | D:5      | 3708 ||| FLEEEEING.
  3709 | D:5      | 3709 ||| FLEEEEING.
  3710 | D:5      | 3710 ||| FLEEEEING.
  3711 | D:5      | 3711 ||| FLEEEEING.
  3774 | D:5      | Found a glowing golden altar of the Shining One.
  3775 | D:5      | 3775 ||| Stepping ~*~*~tactically~*~*~ (hiding).
  3776 | D:5      | 3776 ||| Stepping ~*~*~tactically~*~*~ (hiding).
  3777 | D:5      | 3777 ||| Stepping ~*~*~tactically~*~*~ (hiding).
  3804 | D:5      | Reached skill level 5 in Fighting
  3956 | D:5      | Reached skill level 1 in Throwing
  3981 | D:5      | Reached XP level 8. HP: 49/49 MP: 8/8
  4020 | D:5      | 4020 ||| Stepping ~*~*~tactically~*~*~ (stealth).
  4138 | D:5      | 4138 ||| UPGRADING to amulet of regeneration.
  4192 | D:5      | Found a staircase to the Ecumenical Temple.
  4193 | D:5      | 4193 ||| PLANNING TEMPLE
  4203 | D:5      | 4203 ||| READING scroll labelled DEP WYFUTUATHRIUTH.
  4203 | D:5      | Identified a scroll of acquirement
  4203 | D:5      | 4203 ||| ACQUIRING ring "Goitwa" {rN+ Will+}
  4203 | D:5      | Acquired the ring "Goitwa" {rN+ Will+}
  4205 | D:5      | 4205 ||| UPGRADING to ring "Goitwa" {rN+ Will+}.
  4211 | Temple   | Entered the Ecumenical Temple
  4321 | Temple   | 4321 ||| PLANNING OKAWARU WORSHIP
  4408 | Temple   | Became a worshipper of Warmaster Okawaru
  4409 | Temple   | 4409 ||| PLANNING D:1-11
  4469 | D:5      | 4469 ||| DROPPING +0 hand axe.
  4695 | D:5      | 4695 ||| READING scroll of enchant armour.
  4695 | D:5      | 4695 ||| ENCHANTING +1 helmet.
  4739 | D:6      | Noticed Pikel
  4749 | D:6      | 4749 ||| STAIRDANCE
  4758 | D:6      | 4758 ||| STAIRDANCE
  4780 | D:5      | Killed Pikel
  4780 | D:5      | Reached * piety under Okawaru
  4780 | D:5      | Reached ** piety under Okawaru
  4781 | D:5      | Reached skill level 6 in Armour
  4867 | D:6      | Found Ushrunui's Fire Supplies.
  4880 | D:6      | Reached XP level 9. HP: 54/54 MP: 9/9
  4892 | D:6      | 4892 ||| SHOPLISTING +0 fire dragon scales (900 gold, have
                  | 178).
  4892 | D:6      | 4892 ||| SHOPLISTING +1 chain mail of fire resistance (247
                  | gold, have 178).
  4949 | D:6      | Identified the +8 longbow "Onlen" {heavy, rC+ rCorr Str+2
                  | Dex+2}
  4966 | D:6      | 4966 ||| INVOKING Heroism.
  4968 | D:6      | Reached skill level 1 in Invocations
  4978 | D:6      | 4978 ||| INVOKING Heroism.
  4979 | D:6      | 4979 ||| INVOKING Heroism.
  4986 | D:6      | an ice beast changed into a glowing shapeshifter
  4986 | D:6      | Noticed a glowing shapeshifter (glowing shapeshifter)
  4986 | D:6      | a glowing shapeshifter changed into a skyshark
  4986 | D:6      | Noticed a skyshark (glowing shapeshifter)
  4990 | D:6      | a skyshark changed into an elephant
  4990 | D:6      | Noticed an elephant (glowing shapeshifter)
  4991 | D:6      | an elephant changed into a komodo dragon
  4991 | D:6      | Noticed a komodo dragon (glowing shapeshifter)
  4994 | D:6      | 4994 ||| INVOKING Heroism.
  4998 | D:6      | Killed a komodo dragon
  4999 | D:6      | Reached skill level 6 in Fighting
  4999 | D:6      | Reached skill level 3 in Invocations
  5071 | D:6      | 5071 ||| INVOKING Heroism.
  5134 | D:6      | 5134 ||| INVOKING Heroism.
  5256 | D:6      | 5256 ||| INVOKING Heroism.
  5269 | D:6      | Reached skill level 9 in Axes
  5379 | D:6      | 5379 ||| DROPPING +0 mace.
  5445 | D:6      | 5445 ||| Stepping ~*~*~tactically~*~*~ (stealth).
  5497 | D:6      | Noticed a troll
  5498 | D:6      | 5498 ||| INVOKING Heroism.
  5506 | D:6      | Killed a troll
  5767 | D:6      | 5767 ||| UPGRADING to +0 plate armour.
  5777 | D:6      | 5777 ||| DROPPING +0 chain mail.
  5778 | D:6      | 5778 ||| DROPPING amulet of the acrobat.
  5779 | D:6      | 5779 ||| DROPPING ring of ice.
  5780 | D:6      | 5780 ||| READING scroll labelled XESINW KUATAA.
  5781 | D:6      | 5781 ||| READING 2 scrolls labelled FOMUPAN RISA.
  5782 | D:6      | 5782 ||| DRINKING 2 viscous green potions.
  5783 | D:6      | 5783 ||| READING 4 scrolls of identify.
  5783 | D:6      | 5783 ||| IDENTIFYING sedimented black potion
  5784 | D:6      | 5784 ||| READING 3 scrolls of identify.
  5784 | D:6      | 5784 ||| IDENTIFYING fizzy brown potion
  5785 | D:6      | 5785 ||| READING 2 scrolls of identify.
  5785 | D:6      | 5785 ||| IDENTIFYING fuming yellow potion
  5786 | D:6      | 5786 ||| DROPPING potion of ambrosia.
  5787 | D:6      | 5787 ||| DROPPING potion of berserk rage.
  5788 | D:6      | 5788 ||| DROPPING scroll of fear.
  5889 | D:7      | Reached skill level 7 in Fighting
  5889 | D:7      | Reached XP level 10. HP: 63/63 MP: 13/13
  5907 | D:7      | 5907 ||| Stepping ~*~*~tactically~*~*~ (hiding).
  5908 | D:7      | 5908 ||| Stepping ~*~*~tactically~*~*~ (hiding).
  5909 | D:7      | 5909 ||| Stepping ~*~*~tactically~*~*~ (hiding).
  5910 | D:7      | 5910 ||| Stepping ~*~*~tactically~*~*~ (hiding).
  5921 | D:7      | 5921 ||| INVOKING Heroism.
  5939 | D:7      | 5939 ||| INVOKING Heroism.
  5978 | D:7      | 5978 ||| READING scroll of enchant weapon.
  5978 | D:7      | 5978 ||| ENCHANTING +1 war axe of chaos.
  6134 | D:7      | 6134 ||| Stepping ~*~*~tactically~*~*~ (hiding).
  6136 | D:7      | 6136 ||| Stepping ~*~*~tactically~*~*~ (hiding).
  6144 | D:7      | 6144 ||| Stepping ~*~*~tactically~*~*~ (stealth).
  6209 | D:7      | 6209 ||| INVOKING Heroism.
  6298 | D:7      | Found a white marble altar of Elyvilon.
  6339 | D:7      | 6339 ||| Stepping ~*~*~tactically~*~*~ (hiding).
  6381 | D:7      | 6381 ||| STAIRDANCE
  6391 | D:6      | 6391 ||| READING 2 scrolls of identify.
  6391 | D:6      | 6391 ||| IDENTIFYING puce potion
  6392 | D:6      | 6392 ||| DRINKING potion of experience.
  6392 | D:6      | Reached skill level 13 in Fighting
  6392 | D:6      | Reached XP level 11. HP: 78/78 MP: 14/14
  6419 | D:7      | 6419 ||| Stepping ~*~*~tactically~*~*~ (stealth).
  6421 | D:7      | 6421 ||| Stepping ~*~*~tactically~*~*~ (stealth).
  6422 | D:7      | 6422 ||| Stepping ~*~*~tactically~*~*~ (stealth).
  6429 | D:7      | Noticed a cyclops
  6430 | D:7      | 6430 ||| INVOKING Heroism.
  6445 | D:7      | Killed a cyclops
  6581 | D:7      | Reached *** piety under Okawaru
  6740 | D:7      | 6740 ||| INVOKING Heroism.
  6828 | D:7      | 6828 ||| Stepping ~*~*~tactically~*~*~ (hiding).
  6830 | D:7      | 6830 ||| Stepping ~*~*~tactically~*~*~ (hiding).
  6831 | D:7      | 6831 ||| Stepping ~*~*~tactically~*~*~ (hiding).
  6902 | D:8      | 6902 ||| INVOKING Heroism.
  7012 | D:8      | 7012 ||| Stepping ~*~*~tactically~*~*~ (hiding).
  7136 | D:8      | 7136 ||| INVOKING Heroism.
  7255 | D:8      | 7255 ||| DROPPING +2 antimagic mace.
  7296 | D:8      | Found Meptob's Overcharged Wands.
  7305 | D:8      | 7305 ||| SHOPLISTING wand of digging (11) (693 gold, have
                  | 409).
  7448 | D:8      | 7448 ||| DROPPING +2 flail.
  7559 | D:8      | 7559 ||| Stepping ~*~*~tactically~*~*~ (hiding).
  7713 | D:8      | Found a shadowy altar of Dithmenos.
  7714 | D:8      | 7714 ||| Stepping ~*~*~tactically~*~*~ (stealth).
  7726 | D:8      | 7726 ||| Stepping ~*~*~tactically~*~*~ (hiding).
  7954 | D:8      | 7954 ||| UPGRADING to +2 cloak.
  7964 | D:8      | 7964 ||| DROPPING +1 cloak.
  7965 | D:8      | 7965 ||| DRINKING 2 fizzy ruby potions.
  8004 | D:9      | Found a stormy altar of Qazlal.
  8004 | D:9      | Found a blossoming altar of Fedhas.
  8209 | D:9      | 8209 ||| INVOKING Heroism.
  8229 | D:9      | 8229 ||| FLEEEEING.
  8230 | D:9      | 8230 ||| FLEEEEING.
  8248 | D:9      | 8248 ||| INVOKING Heroism.
  8329 | D:9      | 8329 ||| INVOKING Heroism.
  8575 | D:9      | Found a bloodstained altar of Trog.
  8702 | D:9      | 8702 ||| READING 2 scrolls labelled PUS LILUEXZUCU.
  8703 | D:9      | 8703 ||| DROPPING scroll of vulnerability.
  8724 | D:10     | Entered Level 10 of the Dungeon
  8738 | D:10     | Noticed a two-headed ogre
  8739 | D:10     | 8739 ||| INVOKING Heroism.
  8746 | D:10     | Killed a two-headed ogre
  8757 | D:10     | 8757 ||| READING scroll of enchant weapon.
  8757 | D:10     | 8757 ||| ENCHANTING +2 war axe of chaos.
  8789 | D:10     | 8789 ||| READING scroll of enchant armour.
  8789 | D:10     | 8789 ||| ENCHANTING +0 plate armour.
  8797 | D:10     | 8797 ||| READING scroll of enchant armour.
  8797 | D:10     | 8797 ||| ENCHANTING +1 plate armour.
  8858 | D:10     | 8858 ||| READING scroll of acquirement.
  8858 | D:10     | 8858 ||| ACQUIRING scarf of resistance
  8858 | D:10     | Acquired a scarf of resistance
  8903 | D:10     | Found a portal to a secret trove of treasure.
  8911 | D:10     | 8911 ||| Stepping ~*~*~tactically~*~*~ (stealth).
  8913 | D:10     | Noticed Grum
  8914 | D:10     | 8914 ||| INVOKING Heroism.
  8917 | D:10     | 8917 ||| Stepping ~*~*~tactically~*~*~ (hiding).
  8929 | D:10     | Killed Grum
  8934 | D:10     | Reached XP level 12. HP: 78/84 MP: 15/15
  8966 | D:10     | Found Fafac's Antique Weapon Boutique.
  8992 | D:10     | Noticed a two-headed ogre
  9003 | D:10     | Killed a two-headed ogre
  9004 | D:10     | Reached skill level 12 in Axes
  9128 | D:10     | 9128 ||| INVOKING Heroism.
  9202 | D:10     | Found an opulent altar of Gozag.
  9586 | D:11     | 9586 ||| Stepping ~*~*~tactically~*~*~ (stealth).
  9587 | D:11     | 9587 ||| Stepping ~*~*~tactically~*~*~ (stealth).
  9589 | D:11     | 9589 ||| INVOKING Heroism.
  9595 | D:11     | Reached skill level 6 in Shields
  9681 | D:11     | 9681 ||| INVOKING Heroism.
  9689 | D:11     | 9689 ||| DROPPING +2 helmet.
  9730 | D:11     | Found Vuleoment's Elemental Accessories.
  9743 | D:11     | Noticed a two-headed ogre
  9750 | D:11     | 9750 ||| INVOKING Heroism.
  9754 | D:11     | Killed a two-headed ogre
  9866 | D:11     | Noticed a two-headed ogre
  9870 | D:11     | Killed a two-headed ogre
  9870 | D:11     | Reached **** piety under Okawaru
  9871 | D:11     | Reached skill level 9 in Armour
  9877 | D:11     | 9877 ||| FLEEEEING.
  9909 | D:11     | 9909 ||| INVOKING Heroism.
  9912 | D:11     | Found a staircase to the Lair.
 10017 | D:11     | 10017 ||| INVOKING Heroism.
 10080 | D:11     | 10080 ||| INVOKING Heroism.
 10088 | D:11     | HP: 16/84 [large slime creature (34)]
 10089 | D:11     | 10089 ||| READING 2 scrolls of teleportation.
 10089 | D:11     | Slain by a large slime creature

Levels and vault maps discovered:
D:1:      mushboom_english_gardens, layout_rooms, basic_ecumenical_altar,
          serial_shops, shop
D:2:      layout_basic, kennysheep_crisscross
D:3:      layout_basic, mainiacjoe_overflow_surrounded_room, uniq_ijyb
D:4:      layout_loops_ring
D:5:      layout_basic, minmay_overflow_temple_star_quad,
          minmay_temple_entry_proselytizer, corexii_shack, minmay_ruined_shrine
D:6:      layout_basic, serial_demonic, serial_demonic_d, serial_demonic_e,
          serial_demonic_d, serial_demonic_f, nicolae_shop_fire_sale
          [nicolae_sub_dead_trees], minmay_joined_circles, uniq_pikel
D:7:      layout_loops_corners, mainiacjoe_overflow_alcove_1, kb_rosetta
D:8:      kennysheep_blocky_hall, layout_loops_ring,
          mainiacjoe_overflow_alcove_2, nicolae_shop_overcharged_wands
D:9:      layout_irregular_city, grunt_temple_overflow_forces_of_nature,
          lightli_temple_of_fire
D:10:     layout_cave_pools, nicolae_gozag_cash_rules_everything_around_me,
          enter_trove_0, nicolae_take_the_stairs, uniq_grum
D:11:     layout_loops_corners, dpeg_oklobed_lair, grunt_ministairs_5,
          nicolae_elemental_shop
Temple:   nicolae_temple_slightly_damp_pantheon

Skill      XL: |  1  2  3  4  5  6  7  8  9 10 11 12 |
---------------+-------------------------------------+-----
Axes           | 2 3 4 5 6 7 8 9 10 11 12 | 12.2
Dodging        | 1 2 |  2.0
Fighting       | 4 5 7 13 | 13.1
Throwing       | 1 |  1.3
Armour         | 6 8 9 |  9.0
Invocations    | 4 5 |  5.0
Shields        | 5 6 |  6.1

Action                     |  1- 3 |  4- 6 |  7- 9 | 10-12 || total
---------------------------+-------+-------+-------+-------++-------
  Melee: War axe           |   116 |   107 |   226 |   325 ||   774
  Throw: Boomerang         |       |    35 |    53 |    98 ||   186
 Invoke: Heroism           |       |       |     7 |    19 ||    26
    Use: Scroll            |     4 |     8 |     9 |     8 ||    29
         Potion            |     2 |       |     2 |     2 ||     6
   Stab: Paralysed         |       |       |     1 |       ||     1
         Petrifying        |       |       |       |     1 ||     1
         Confused          |       |       |       |     2 ||     2
 Armour: Scale mail        |    55 |    18 |       |       ||    73
         Chain mail        |       |    58 |   140 |       ||   198
         Plate armour      |       |       |     1 |   195 ||   196
  Dodge: Dodged            |    53 |    38 |    91 |    91 ||   273
  Block: Buckler           |    14 |    26 |    38 |    72 ||   150

Table legend:
 A = Non-vault XP
 B = Vault XP
 C = Vault XP percentage of total XP
 D = Non-vault monster count
 E = Vault monster count
 F = Vault count percentage of total count
                 A         B        C        D         E       F
            +---------+---------+-------+---------+---------+-------
      Total |   13903 |    5168 |  27.1 |     187 |      52 |  21.8
            +---------+---------+-------+---------+---------+-------
        D:1 |      28 |       0 |   0.0 |      16 |       0 |   0.0
        D:2 |      55 |       0 |   0.0 |      20 |       0 |   0.0
        D:3 |      77 |      36 |  31.9 |      14 |       1 |   6.7
        D:4 |     440 |       0 |   0.0 |      25 |       0 |   0.0
        D:5 |     856 |     816 |  48.8 |      18 |      10 |  35.7
        D:6 |     809 |    1376 |  63.0 |      13 |      25 |  65.8
        D:7 |    1777 |     904 |  33.7 |      27 |       4 |  12.9
        D:8 |    1575 |     377 |  19.3 |      19 |       4 |  17.4
        D:9 |    1428 |       0 |   0.0 |      16 |       0 |   0.0
       D:10 |    2871 |     652 |  18.5 |       9 |       5 |  35.7
       D:11 |    3987 |    1007 |  20.2 |      10 |       3 |  23.1
            +---------+---------+-------+---------+---------+-------
